 Dungeon Crawl Stone Soup version 0.29.1-2-gbd0b4ee654 (webtiles) character file.

Game seed: 9470371641490583827

201 GeoRichter the Trooper (level 5, 0/42 (44) HPs)
             Began as a Demonspawn Monk on Oct 26, 2022.
             Slain by a goblin
             ... wielding a +0 dagger
             ... led by Robin
              (2 damage)
             ... on level 4 of the Dungeon.
             The game lasted 00:07:17 (4292 turns).

GeoRichter the Trooper (Demonspawn Monk)            Turns: 4292, Time: 00:07:18

HP:   0/42 (44)     AC:  7    Str: 11    XL:     5   Next: 50%
MP:   3/6           EV: 11    Int: 17    God:
Gold: 191           SH:  0    Dex: 16    Spells: 3/6 levels left

rFire   . . .      SeeInvis .   a - +0 mace
rCold   . . .      Faith    .   (no shield)
rNeg    . . .      Spirit   .   j - +0 ring mail
rPois   .          Reflect  .   (no helmet)
rElec   .          Harm     .   i - +1 cloak
rCorr   .          Rampage  .   (no gloves)
Will    .....                   (no boots)
Stlth   +.........              (no amulet)
HPRegen 0.14/turn               (no ring)
MPRegen 0.10/turn               (no ring)

@: about to teleport, very slightly contaminated, lightly drained
A: foul stench 1, big brain 2
a: no special abilities


You were on level 4 of the Dungeon.
You visited 1 branch of the dungeon, and saw 4 of its levels.

You collected 191 gold pieces.

Inventory:

Hand Weapons
 a - a +0 mace (weapon)
Armour
 b - a +0 robe
 i - a +1 cloak (worn)
   (You found it on level 2 of the Dungeon)
 j - a +0 ring mail (worn)
   (You found it on level 1 of the Dungeon)
 o - a +0 buckler
   (You found it on level 3 of the Dungeon)
Scrolls
 d - 3 scrolls of teleportation {@r4}
 e - a scroll of immolation {!r}
 f - a scroll of enchant armour
 l - a scroll of amnesia
 n - 2 scrolls of identify {@r1}
Potions
 c - 2 potions of ambrosia
 g - 2 potions of flight {unknown}
 h - a potion of curing {unknown}
 m - a potion of resistance {unknown}


   Skills:
 - Level 5.3 Fighting
 - Level 2.6 Maces & Flails
 - Level 2.6 Dodging
 - Level 1.7 Stealth
 + Level 1.0 Spellcasting
 * Level 2.8 Necromancy


You had 3 spell levels left.
You knew the following spells:

 Your Spells              Type           Power      Damage    Failure   Level
a - Vampiric Draining     Necr           10%        2d6       43%         3

Your spell library contained the following spells:

 Spells                   Type           Power      Damage    Failure   Level
 Shock                    Conj/Air       0%         1d3       45%         1
 Slow                     Hex            0%         N/A       45%         1
 Confusing Touch          Hex            0%         N/A       83%         3
 Swiftness                Air            0%         N/A       83%         3
 Airstrike                Air            0%         2d(0-16)  99%         4


Dungeon Overview and Level Annotations

Branches:
Dungeon (4/15) Zot: 19635
 Temple: D:4-7

Altars:

Annotations:
D:4 Natasha, Robin


Innate Abilities, Weirdness & Mutations

You may rarely emit foul miasma when damaged in melee.
You have an extremely huge brain. (Int +4)


Message History

You hit the hobgoblin but do no damage. The hobgoblin misses you.
The hobgoblin closely misses you.
You hit the hobgoblin. The hobgoblin barely misses you.
You hit the hobgoblin. The hobgoblin hits you.
* * * LOW HITPOINT WARNING * * *
You hit the hobgoblin.
You kill the hobgoblin!
Things that are here:
a hobgoblin corpse; a scorpion corpse You start resting.
A phantom comes into view.
Robin of the Strong Arm comes into view.
They are wielding a +0 trident.
Robin shouts!
You hear a shout! x2
Robin throws the goblin at you!
As you read the scroll labelled HOCINURAJO, it crumbles to dust.
It is a scroll of amnesia.
Really abort (and waste the scroll)?
Okay, then.
The goblin hits you with a +0 dagger.
* * * LOW HITPOINT WARNING * * *
Robin roars a battlecry!
The goblin goes into a battle-frenzy!
You hear a shout!
As you read the scroll labelled BUVVEBB PUEKEV, it crumbles to dust.
You feel aware of your surroundings.
You sensed 1 shop/portal.
It was a scroll of magic mapping.
The goblin hits you but does no damage.
As you read the scroll labelled NUKLIA BOARA, it crumbles to dust.
It is a scroll of identify.
e - a scroll of immolation The goblin hits you but does no damage.
As you read the scroll labelled CONGEEH DE OSAD, it crumbles to dust.
You feel strangely unstable.
It was a scroll of teleportation.
The goblin hits you with a +0 dagger.
* * * LOW HITPOINT WARNING * * *
As you read the scroll labelled YWIMOO KETONAU, it crumbles to dust.
It is a scroll of enchant armour.
Your +0 cloak glows green for a moment.
The goblin hits you with a +0 dagger.
* * * LOW HITPOINT WARNING * * *
The phantom hits you but does no damage.
A goblin comes into view. It is wielding a +0 dagger.
Okay, then.
The spell is quite dangerous to miscast (43% risk of failure)!
Continue anyway?
Aim: a goblin, wielding a +0 dagger (strong)
You miscast Vampiric Draining.
You are very lightly contaminated with residual magic.
You convulse helplessly as pain tears through your body!
You feel drained.
* * * LOW HITPOINT WARNING * * *
The goblin hits you with a +0 dagger.
You die...

,,,,****,#.......####..#.#.....#*
,,,,,,,*,*#......##......#.##..#*
,,,,**,*,*#................##..##
,,,,**,*,*#......##......#,*#....
,,,,**,*,*####†#.......<)#,*#...#
,,,,**,*,* #.########..#,,#...#
,,,,**,*,* #...# ##.####....
,,,,**,*,* ###W# #.........
,,,,**,*,* #@########.#####..
,,,,**,*,* #.g..........# #..
******,*,* #..........#.# #..
*,*,* #g.........#.###.. *,*,*
#..........#...#.. *,*,*
#..........###.... *,*,*
#.########## ##).# *,*,******#g#
####... *,*,,,,,,,.,* #<....#


You could see a phantom, Robin and 2 goblins.

Vanquished Creatures
  A scorpion (D:4)
  5 adders
  3 gnolls (D:2)
  3 worms
  A dart slug (D:3)
  10 ball pythons
  2 endoplasms
  2 giant cockroaches
  5 goblins
  7 hobgoblins
  2 quokkas
  5 bats
  2 frilled lizards
  9 kobolds
  3 rats
60 creatures vanquished.

Vanquished Creatures (others)
  4 fungi (D:2)
4 creatures vanquished.

Grand Total: 64 creatures vanquished

Notes
Turn   | Place    | Note
-------+----------+-------------------------------------------
     0 | D:1      | GeoRichter the Demonspawn Monk began the quest for the Orb.
     0 | D:1      | Reached XP level 1. HP: 18/18 MP: 1/1
   248 | D:1      | Gained mutation: You have an unusually large brain. (Int
                  | +2) [demonic ancestry]
   248 | D:1      | Reached XP level 2. HP: 24/24 MP: 2/2
   889 | D:2      | Reached skill level 4 in Fighting
  1920 | D:1      | Reached XP level 3. HP: 25/30 MP: 3/3
  2740 | D:2      | Reached skill level 5 in Fighting
  2740 | D:2      | Gained mutation: You have an extremely huge brain. (Int +4)
                  | [demonic ancestry]
  2740 | D:2      | Reached XP level 4. HP: 30/39 MP: 4/4
  2864 | D:2      | Learned a level 3 spell: Vampiric Draining
  3430 | D:3      | Reached skill level 1 in Necromancy
  4119 | D:4      | Noticed a lemure
  4230 | D:4      | Noticed Natasha
  4247 | D:3      | Gained mutation: You may rarely emit foul miasma when
                  | damaged in melee. [demonic ancestry]
  4247 | D:3      | Reached XP level 5. HP: 44/44 MP: 5/5
  4276 | D:4      | Reached skill level 1 in Spellcasting
  4282 | D:4      | Noticed a phantom
  4286 | D:4      | Noticed Robin
  4292 | D:4      | HP: 1/42 [something (8)]
  4292 | D:4      | Slain by a goblin

Illustrated notes

Levels and vault maps discovered:
D:1:      nzn_arrival_water_spiral, layout_basic
D:2:      layout_loops_corners, dreamdust_mushroom_princess,
          uniq_crazy_yiuf_cottage
D:3:      layout_rooms, grunt_decor_mini_mirrors, kennysheep_another_room
D:4:      layout_basic, gup_sewer_entry_spiral, uniq_pikel, uniq_natasha,
          uniq_robin

Skill      XL: |  1  2  3  4  5 |
---------------+----------------+-----
Fighting       | 4 5 |  5.3
Necromancy     | 1 2 |  2.8
Spellcasting   | 1 |  1.0
Maces & Flails | |  2.6
Dodging        | |  2.6
Stealth        | |  1.7

Action                   |  1- 3 |  4- 6 || total
-------------------------+-------+-------++-------
Melee: Mace              |   124 |    89 ||   213
       Punch             |     1 |     1 ||     2
  Use: Scroll            |       |     5 ||     5
 Stab: Sleeping          |     7 |     3 ||    10
Armor: Robe              |    11 |       ||    11
       Ring mail         |    17 |    35 ||    52
Dodge: Dodged            |    89 |    52 ||   141
